 Dungeon Crawl Stone Soup version 0.22-a0-135-g6f012ad (webtiles) character file.

13918 theanonym the Cleaver (level 11, -1/93 HPs)
             Began as a Mummy Monk on Jan 31, 2018.
             Was a High Priest of Kikubaaqudgha.
             Slain by a wolf (8 damage)
             ... on level 2 of the Lair of Beasts on Feb 1, 2018.
             The game lasted 00:32:47 (10907 turns).

theanonym the Cleaver (Mummy Monk)                 Turns: 10907, Time: 00:32:48

Health: -1/93      AC: 13    Str: 17    XL:     11   Next: 81%
Magic:  11/11      EV: 10    Int: 10    God:    Kikubaaqudgha [*****.]
Gold:   595        SH:  0    Dex: 19    Spells: 0/10 levels left

rFire    x . .     SeeInvis .   a - +0 war axe
rCold    + . .     Gourm    .   (no shield)
rNeg     + + +     Faith    .   D - +0 plate armour {18}
rPois    ∞         Spirit   .   o - +0 helmet
rElec    .         Reflect  .   (no cloak)
rCorr    .         Harm     .   C - +0 pair of gloves
MR       +....                  (no boots)
Stlth    ..........             e - amulet of regeneration {Regen+}
HPRegen  0.65/turn              j - +4 ring of evasion
MPRegen  0.12/turn              F - +4 ring of dexterity

@: no status effects
A: no food or potions, fire vulnerability, cold resistance 1, negative energy
resistance 3, torment resistance, unbreathing
a: Receive Corpses, Torment, Renounce Religion


Innate Abilities, Weirdness & Mutations

You do not eat or drink.
Your flesh is vulnerable to fire.
You are immune to poison.
Your flesh is cold resistant. (rC+)
You are immune to negative energy. (rN+++)
You are immune to unholy pain and torment.
You can survive without breathing.


   Skills:
 + Level 11.2 Fighting
 * Level 12.9 Axes
 + Level 2.8 Armour
 - Level 2.4 Dodging
 - Level 1.5 Stealth


You couldn't memorise any spells.
You knew the following spells:

 Your Spells              Type           Power        Failure   Level  Hunger
a - Animate Skeleton      Necr           N/A          100%        1    N/A
b - Animate Dead          Necr           N/A          100%        4    N/A
c - Excruciating Wounds   Chrm/Necr      #.........   100%        5    N/A

Skill      XL: |  1  2  3  4  5  6  7  8  9 10 11 |
---------------+----------------------------------+-----
Axes           | 3 4 5 6 8 10 11 12 | 12.9
Fighting       | 4 5 6 7 8 10 11 | 11.2
Armour         | 2 |  2.8
Dodging        | |  2.4
Stealth        | |  1.5

Action                   |  1- 3 |  4- 6 |  7- 9 | 10-12 || total
-------------------------+-------+-------+-------+-------++-------
Melee: Hand axe          |   145 |   365 |   573 |       ||  1083
       Whip              |       |       |    25 |   512 ||   537
       War axe           |       |       |    15 |   173 ||   188
Throw: Throwing net      |       |       |       |     1 ||     1
       Tomahawk          |       |       |       |     1 ||     1
Evoke: Wand              |       |    11 |    28 |    24 ||    63
  Use: Scroll            |       |     1 |     8 |     8 ||    17
 Stab: Sleeping          |     3 |       |       |       ||     3
       Paralysed         |       |       |    31 |       ||    31
       Betrayed ally     |       |       |     1 |       ||     1
       Held in net/web   |       |       |       |     2 ||     2
Armor: Robe              |     2 |       |       |       ||     2
       Ring mail         |    53 |    19 |       |       ||    72
       Chain mail        |       |   124 |   320 |       ||   444
       Plate armour      |       |       |       |   370 ||   370
Dodge: Dodged            |    99 |   228 |   348 |   332 ||  1007

Inventory:

Hand Weapons
 a - a +0 war axe (weapon)
   (You found it on level 8 of the Dungeon)
 b - a +2 whip of electrocution
   (You took it off an orc on level 8 of the Dungeon)
Missiles
 l - 4 javelins (quivered)
 w - 2 tomahawks of dispersal
Armour
 o - a +0 helmet (worn)
   (You took it off Robin on level 3 of the Dungeon)
 C - a +0 pair of gloves (worn)
   (You found it on level 8 of the Dungeon)
 D - a +0 plate armour (worn) {18}
   (You took it off an orc warrior on level 8 of the Dungeon)
Jewellery
 e - an amulet of regeneration (around neck) {Regen+}
   (You found it on level 1 of the Dungeon)
 j - a +4 ring of evasion (left hand)
   (You found it on level 2 of the Dungeon)
 F - a +4 ring of dexterity (right hand)
   (You found it on level 10 of the Dungeon)
Wands
 g - a wand of polymorph (4)
   (You found it on level 4 of the Dungeon)
 p - a wand of iceblast (2)
   (You found it on level 10 of the Dungeon)
 E - a wand of flame (6)
   (You took it off a goblin on level 8 of the Dungeon)
Scrolls
 c - a scroll of immolation
 f - a scroll of fog
 k - 5 scrolls of noise
 n - 7 scrolls of remove curse
 s - 2 scrolls of fear
 t - 4 scrolls of teleportation {!r}
 v - 3 scrolls of enchant weapon
 y - 3 scrolls of magic mapping
Books
 i - a Young Poisoner's Handbook
   (You found it on level 9 of the Dungeon)
 u - Kikubaaqudgha's Papyrus of Unholy Arts {god gift}
   (Kikubaaqudgha gifted it to you in the Ecumenical Temple)

   Spells                             Type                      Level
   a - Animate Skeleton               Necromancy                   1
   b - Pain                           Necromancy                   1
   c - Corpse Rot                     Necromancy                   2
   d - Vampiric Draining              Necromancy                   3
 x - Kikubaaqudgha's Catalogue of Darkness {god gift}
   (Kikubaaqudgha gifted it to you on level 8 of the Dungeon)

   Spells                             Type                      Level
   a - Animate Dead                   Necromancy                   4
   b - Excruciating Wounds            Charms/Necromancy            5
   c - Bolt of Draining               Conjuration/Necromancy       5
   d - Borgnjor's Vile Clutch         Necromancy/Earth             5
   e - Dispel Undead                  Necromancy                   5
 B - a book of Geomancy
   (You found it on level 8 of the Dungeon)
 H - a book of Cantrips
   (You found it on level 10 of the Dungeon)


You were on level 2 of the Lair of Beasts.
You worshipped Kikubaaqudgha.
Kikubaaqudgha was extremely pleased with you.
You were not hungry.

You visited 3 branches of the dungeon, and saw 13 of its levels.

You collected 595 gold pieces.

Dungeon Overview and Level Annotations

Branches:
Dungeon (10/15)            Temple (1/1) D:5            Lair (2/6) D:10
  Swamp (0/4) Lair:2       Spider (0/4) Lair:2
    Orc: D:9-12

Altars:
Ashenzari
Cheibriados
Dithmenos
Elyvilon
Fedhas
Gozag
Hepliaklqana
Kikubaaqudgha
Makhleb
Nemelex Xobeh
Okawaru
Qazlal
Ru
Sif Muna
Trog
Uskayaw
Vehumet
Wu Jian
Xom
Yredelemnul
Zin
The Shining One

Shops:
D:6 *   D:9 *

Annotations:
Lair:1 exclusion: oklob plant

#... .......
#...# .......
##....#.......
##.........)...
........$......
...............
......hh.......
......h@.......
......h†.......
...............
...............
....>....##....
.#.%.#.#.. ....
....### .. ...
..## ..# ..


You could see 4 wolves.

Notes
Turn   | Place    | Note
-------+----------+-------------------------------------------
     0 | D:1      | theanonym the Mummy Monk began the quest for the Orb.
     0 | D:1      | Reached XP level 1. HP: 18/18 MP: 1/1
   196 | D:1      | Reached XP level 2. HP: 23/24 MP: 2/2
   313 | D:1      | Reached skill level 3 in Axes
   413 | D:1      | HP: 11/24 [leopard gecko (2)]
   730 | D:2      | Reached XP level 3. HP: 29/29 MP: 3/3
   785 | D:1      | HP: 10/29 [worm (9)]
   883 | D:2      | HP: 14/29 [worm (1)]
   993 | D:2      | Reached XP level 4. HP: 31/37 MP: 4/4
  1398 | D:3      | Noticed Sigmund
  1801 | D:3      | Reached skill level 4 in Fighting
  1801 | D:3      | Reached skill level 4 in Axes
  1908 | D:4      | Reached XP level 5. HP: 25/42 MP: 5/5
  1986 | D:4      | Noticed a phantom
  1990 | D:4      | Found a shattered altar of Ashenzari.
  2362 | D:3      | Noticed Robin
  2391 | D:3      | Killed Robin
  2391 | D:3      | Reached XP level 6. HP: 47/49 MP: 6/6
  2488 | D:3      | Noticed Sigmund
  2488 | D:3      | Sigmund changed into Sigmund the jelly
  2503 | D:3      | Noticed Sigmund
  2503 | D:3      | Sigmund the jelly changed into Sigmund the killer bee
  2516 | D:3      | Killed Sigmund the killer bee
  2516 | D:3      | Reached skill level 5 in Axes
  2821 | D:4      | Reached skill level 5 in Fighting
  2990 | D:5      | Entered Level 5 of the Dungeon
  3032 | D:5      | Reached XP level 7. HP: 56/56 MP: 7/7
  3188 | D:5      | Found a staircase to the Ecumenical Temple.
  3192 | D:5      | HP: 13/56 [something (43)]
  3195 | Temple   | Entered the Ecumenical Temple
  3448 | Temple   | Became a worshipper of Kikubaaqudgha
  3448 | Temple   | Reached * piety under Kikubaaqudgha
  3448 | Temple   | Identified Kikubaaqudgha's Papyrus of Unholy Arts {god gift} (Kikubaaqudgha gifted it to you in the Ecumenical Temple)
  3448 | Temple   | Received a gift from Kikubaaqudgha
  3448 | Temple   | Reached ** piety under Kikubaaqudgha
  3452 | Temple   | Learned a level 1 spell: Animate Skeleton
  3494 | D:5      | Reached skill level 6 in Axes
  3913 | D:6      | Reached skill level 6 in Fighting
  3940 | D:6      | Found Ulotweme's Serpentskin Sales.
  3946 | D:6      | Reached XP level 8. HP: 64/64 MP: 8/8
  3977 | D:6      | Reached skill level 7 in Axes
  4116 | D:6      | HP: 27/64 [steam dragon/ball of steam (15)]
  4351 | D:6      | Found a white marble altar of Elyvilon.
  4351 | D:6      | Found a sacrificial altar of Ru.
  4351 | D:6      | Found an ornate altar of the Wu Jian Council.
  4351 | D:6      | Found a basalt altar of Yredelemnul.
  4405 | D:6      | Reached skill level 7 in Fighting
  4406 | D:6      | Reached skill level 8 in Axes
  5096 | D:7      | Reached XP level 9. HP: 72/72 MP: 9/9
  5584 | D:8      | Reached skill level 9 in Axes
  5594 | D:8      | Reached *** piety under Kikubaaqudgha
  5594 | D:8      | Identified Kikubaaqudgha's Catalogue of Darkness {god gift} (Kikubaaqudgha gifted it to you on level 8 of the Dungeon)
  5594 | D:8      | Received a gift from Kikubaaqudgha
  5603 | D:8      | Noticed Prince Ribbit
  5722 | D:8      | HP: 36/74 [wolf spider zombie (9)]
  5729 | D:8      | HP: 19/74 [wolf spider zombie (2)]
  5742 | D:8      | Reached skill level 8 in Fighting
  5903 | D:8      | Found a radiant altar of Vehumet.
  6048 | D:8      | Reached skill level 10 in Axes
  6158 | D:8      | Found a sparkling altar of Nemelex Xobeh.
  6179 | D:8      | Found a white marble altar of Elyvilon.
  6360 | D:8      | Reached XP level 10. HP: 67/82 MP: 10/10
  6425 | D:8      | Killed Prince Ribbit
  6425 | D:8      | Reached skill level 9 in Fighting
  6450 | D:8      | Found a bloodstained altar of Trog.
  6463 | D:8      | Reached **** piety under Kikubaaqudgha
  7216 | D:9      | Found Vomasey's General Store.
  7528 | D:10     | Entered Level 10 of the Dungeon
  7546 | D:10     | Found a staircase to the Lair.
  7675 | D:10     | Reached skill level 11 in Axes
  7756 | D:10     | HP: 42/84 [something (2)]
  7991 | D:10     | Reached ***** piety under Kikubaaqudgha
  8020 | D:10     | Killed an unseen horror
  8020 | D:10     | Reached skill level 10 in Fighting
  8045 | D:10     | HP: 42/85 [killer bee (7)]
  8051 | D:10     | HP: 31/85 [killer bee (5)]
  8298 | D:10     | Noticed a two-headed ogre
  8322 | D:10     | HP: 30/85 [two-headed ogre/giant spiked club (14)]
  8323 | D:10     | Killed a two-headed ogre
  8323 | D:10     | Reached XP level 11. HP: 32/92 MP: 11/11
  8347 | D:10     | HP: 45/92 [killer bee (3)]
  8353 | D:10     | HP: 38/92 [killer bee (3)]
  8362 | D:10     | HP: 33/92 [scorpion (6)]
  8367 | D:10     | HP: 16/92 [ogre/giant club (20)]
  8377 | D:10     | HP: 12/92 [ogre/giant club (10)]
  8530 | D:10     | Noticed a skeletal warrior
  8581 | Lair:1   | Entered Level 1 of the Lair of Beasts
  8622 | D:10     | Reached skill level 12 in Axes
  8660 | D:10     | HP: 46/92 [porcupine's spines (4)]
  8790 | D:10     | HP: 41/92 [yak (9)]
  8907 | Lair:1   | Learned a level 4 spell: Animate Dead
  8913 | Lair:1   | Learned a level 5 spell: Excruciating Wounds
  9001 | Lair:1   | HP: 41/92 [porcupine's spines (13)]
  9150 | Lair:1   | HP: 41/92 [yak (9)]
  9151 | Lair:1   | Reached skill level 1 in Armour
  9324 | Lair:1   | HP: 46/92 [wolf (1)]
  9332 | Lair:1   | HP: 42/92 [wolf (3)]
  9342 | Lair:1   | HP: 34/92 [wolf (5)]
  9348 | Lair:1   | HP: 31/92 [wolf (6)]
  9359 | Lair:1   | HP: 16/92 [spiny frog (14)]
  9580 | Lair:1   | Reached skill level 11 in Fighting
  9603 | Lair:1   | Reached skill level 2 in Armour
  9737 | Lair:1   | Noticed an oklob plant
 10534 | Lair:2   | Found a staircase to the Swamp.
 10626 | Lair:2   | Found a hole to the Spider Nest.
 10736 | Lair:2   | Noticed a four-headed hydra
 10899 | Lair:2   | HP: 46/93 [wolf (5)]
 10904 | Lair:2   | HP: 23/93 [wolf (2)]
 10907 | Lair:2   | HP: 7/93 [wolf (6)]
 10907 | Lair:2   | Slain by a wolf

Vanquished Creatures
  A two-headed ogre (D:10)
  An unseen horror (D:10)
  A wolf spider zombie (D:8)
  4 spiny frogs
  A hornet (D:10)
  Prince Ribbit (D:8)
  5 hippogriffs
  5 water moccasins
  2 redbacks (Lair:2)
  14 yaks
  A steam dragon (D:6)
  4 insubstantial wisps (Lair:2)
  2 soldier ants (D:8)
  4 porcupines
  An orc warrior (D:8)
  A black bear (Lair:1)
  2 ice beasts
  2 phantoms
  7 centaurs
  4 ogres
  11 wolves
  7 bullfrogs
  2 big kobolds (D:8)
  3 scorpions
  13 killer bees
  6 wights
  An electric eel (Lair:1)
  7 howler monkeys
  8 crimson imps
  2 bullfrog zombies (D:10)
  4 hounds
  A quasit (D:7)
  2 centaur zombies (D:5)
  2 jellies
  2 bullfrog skeletons
  3 orc priests
  An iguana (D:10)
  11 orc wizards
  9 worker ants
  A hound skeleton (D:6)
  Robin (D:3)
  A howler monkey skeleton (D:7)
  10 adders
  A shadow imp (D:6)
  3 adder skeletons
  6 worms
  8 leopard geckos
  17 orcs
  9 bats
  5 giant cockroaches
  14 goblins
  11 hobgoblins
  15 jackals
  14 kobolds
  3 quokkas
  4 frilled lizards
  2 quokka skeletons
  5 rats
  A fungus (Lair:2)
289 creatures vanquished.

Vanquished Creatures (collateral kills)
  A water moccasin (D:6)
  2 killer bees (D:8)
  A quasit (D:9)
  An orc wizard (D:8)
  An orc (D:3)
6 creatures vanquished.

Vanquished Creatures (others)
  An orc warrior (D:8)
  An ogre (D:5)
  A scorpion (D:7)
  A killer bee (D:8)
  An iguana (D:5)
  An orc wizard (D:7)
  An orc (D:8)
  2 quokkas
  2 plants (Lair:1)
11 creatures vanquished.

Grand Total: 306 creatures vanquished

Table legend:
 A = Turns spent in this place as a percentage of turns spent in the entire game.
 B = Non-inter-level travel turns spent in this place as a percentage of non-inter-level travel turns spent in the entire game.
 C = Inter-level travel turns spent in this place as a percentage of turns spent in this place.
 D = Turns resting spent in this place as a percentage of non-inter-level travel turns spent in this place.
 E = Turns spent auto-exploring this place as a percentage of non-inter-level travel turns spent in this place.
 F = Non-inter-level travel turns spent in this place divided by the number of levels of this place that you've seen.
                   A       B       C       D       E      F
               +-------+-------+-------+-------+-------+----------------------
         Total | 100.0 | 100.0 |   4.7 |  17.6 |  51.7 | 799.5
       Dungeon |  78.5 |  78.9 |   4.2 |  15.2 |  51.0 | 820.4
        Temple |   2.6 |   2.0 |  26.4 |   0.0 |  97.6 | 209.0
          Lair |  18.9 |  19.1 |   3.9 |  29.2 |  49.3 | 990.0
               +-------+-------+-------+-------+-------+----------------------
